 Dungeon Crawl Stone Soup version 0.26.1-11-gd32895ea62 (webtiles) character file.

Game seed: 3458332678229704950

466 Arcadio the Chiller (level 7, -22/36 HPs)
             Began as a Gargoyle Ice Elementalist on May 22, 2021.
             Killed by an exploding an ice beast (38 damage)
             ... exploding inner flame
             ... on level 3 of the Dungeon.
             The game lasted 00:07:16 (3119 turns).

Arcadio the Chiller (Gargoyle Ice Elementalist)     Turns: 3119, Time: 00:07:18

Health: -22/36     AC:  6    Str: 12    XL:     7   Next: 8%
Magic:  10/10      EV: 13    Int: 17    God:
Gold:   41         SH:  0    Dex: 10    Spells: 6/10 levels left

rFire    . . .     SeeInvis .   j - +0 dagger
rCold    . . .     Faith    .   (no shield)
rNeg     + . .     Spirit   .   a - +0 robe
rPois    ∞         Reflect  .   (no helmet)
rElec    +         Harm     .   (no cloak)
rCorr    .         Rampage  .   (no gloves)
Will     .....                  (no boots)
Stlth    +++.......             (no amulet)
HPRegen  0.12/turn              (no ring)
MPRegen  0.12/turn              (no ring)

@: no status effects
A: negative energy resistance 1, electricity resistance, unbreathing,
petrification resistance, miasma immunity, AC +4
a: no special abilities


You were on level 3 of the Dungeon.
You visited 1 branch of the dungeon, and saw 3 of its levels.

You collected 41 gold pieces.

Inventory:

Hand Weapons
 c - a +2 short sword of electrocution
 h - a +2 short sword of electrocution
 j - a +0 dagger (weapon)
 p - a +1 spear of venom
Armour
 a - a +0 robe (worn)
 b - a cursed +0 cloak
 g - a cursed +0 buckler
Jewellery
 e - an uncursed amulet of faith {unknown}
 o - an uncursed ring of fire {unknown}
Scrolls
 l - a scroll of immolation
 n - a scroll of fear {unknown}
Potions
 d - 3 potions of curing
 f - a potion of flight
 i - a potion of attraction {unknown}
 k - a potion of berserk rage {unknown}
 m - a potion of haste {unknown}


   Skills:
 + Level 3.3 Dodging
 + Level 4.7 Stealth
 - Level 2.0 Spellcasting
 * Level 6.4 Ice Magic


You had 6 spell levels left.
You knew the following spells:

 Your Spells              Type           Power        Failure   Level
a - Freeze                Ice            92%          1%          1
b - Frozen Ramparts       Ice            46%          4%          3

Your spell library contained the following spells:

 Spells                   Type           Power        Failure   Level
 Ozocubu's Armour         Ice            23%          4%          3
 Hailstorm                Conj/Ice       12%          45%         4
 Summon Ice Beast         Ice/Summ       12%          45%         4


Dungeon Overview and Level Annotations

Branches:
Dungeon (3/15)

Altars:


Innate Abilities, Weirdness & Mutations

You are resistant to torment.
Your stone body is resilient. (AC +4)
You are immune to poison.
You resist negative energy. (rN+)
You are resistant to electric shocks. (rElec)
You can survive without breathing.
You are immune to petrification.
You are immune to miasma.


Message History

The ice beast hits you but does no damage.
The kobold misses you.
As you read the scroll labelled BESUPIC JUQIO, it crumbles to dust.
The creatures around you are filled with an inner flame!
It was a scroll of immolation.
The ice beast hits you but does no damage.
The kobold hits you with a +0 dagger. The kobold closely misses you.
You barely miss the ice beast.
The ice beast is moderately wounded.
The kobold barely misses you.
The ice beast hits you but does no damage.
You hit the ice beast.
Flame seeps out of the ice beast.
The ice beast is heavily wounded.
The kobold hits you with a +0 dagger.
The ice beast is engulfed in blazing flames.
The ice beast explodes!
The fiery explosion engulfs you!!!
Ouch! That really hurt!
You die...

#..()...# #.......#
#.......###########
'.......'..........
##..(..((###########
'.......# #.......#
####K§.....#
#..§○@....## ########
#..§§§....####......##
#.'.........'..'......'.
###..(......####......##
+.........+..'......'.
#.........####.....)##
########### #......#
#......## #......#.


You could see a kobold (inner flame).

Vanquished Creatures
  Sigmund (D:2)
  An ice beast (D:3)
  A gnoll sergeant (D:3)
  Jessica (D:2)
  Robin (D:3)
  8 gnolls
  8 adders
  A worm (D:2)
  A dart slug (D:3)
  3 leopard geckos
  3 orcs (D:2)
  A ball python (D:3)
  2 bats (D:1)
  2 giant cockroaches
  10 goblins
  7 hobgoblins
  5 jackals
  4 kobolds
  A quokka (D:3)
  3 frilled lizards
  4 rats
68 creatures vanquished.

Notes
Turn   | Place    | Note
-------+----------+-------------------------------------------
     0 | D:1      | Arcadio the Gargoyle Ice Elementalist began the quest for
                  | the Orb.
     0 | D:1      | Reached XP level 1. HP: 10/10 MP: 3/3
   277 | D:1      | Reached XP level 2. HP: 15/15 MP: 3/5
   830 | D:1      | Reached XP level 3. HP: 16/19 MP: 1/6
   834 | D:1      | Learned a level 3 spell: Frozen Ramparts
  1013 | D:2      | Noticed Sigmund
  1130 | D:2      | Noticed Jessica
  1156 | D:2      | Killed Jessica
  1157 | D:2      | Reached XP level 4. HP: 24/24 MP: 2/7
  1221 | D:2      | Killed Sigmund
  1222 | D:2      | Reached skill level 5 in Ice Magic
  1222 | D:2      | Reached XP level 5. HP: 10/28 MP: 5/8
  1400 | D:2      | Reached XP level 6. HP: 29/32 MP: 7/9
  2638 | D:3      | Reached skill level 6 in Ice Magic
  2998 | D:3      | Noticed Robin
  3002 | D:3      | Killed Robin
  3003 | D:3      | Reached XP level 7. HP: 36/36 MP: 6/10
  3119 | D:3      | Killed by an exploding an ice beast... exploding inner
                  | flame

Illustrated notes

Levels and vault maps discovered:
D:1:      wander_arrival_fairy_ring, layout_basic
D:2:      layout_basic, eino_curves_01, uniq_jessica, uniq_sigmund
D:3:      layout_basic, chequers_serial_rivers_marsh, uniq_robin

Skill      XL: |  1  2  3  4  5  6 |
---------------+-------------------+-----
Dodging        | 2 3 |  3.3
Stealth        | 3 4 |  4.7
Ice Magic      | 5 6 |  6.4
Spellcasting   | |  2.0

Action                   |  1- 3 |  4- 6 |  7- 9 || total
-------------------------+-------+-------+-------++-------
Melee: Dagger            |       |    49 |    21 ||    70
 Cast: Freeze            |    27 |    20 |     3 ||    50
       Frozen Ramparts   |     1 |     9 |       ||    10
  Use: Scroll            |     4 |     2 |     1 ||     7
Armor: Robe              |     5 |    25 |    12 ||    42
Dodge: Dodged            |    14 |    76 |    16 ||   106
